 Dungeon Crawl Stone Soup version 0.30.0-17-ge0270778cf (webtiles) character file.

Game seed: 17964516032859298461

672 zazu2006 the Arsonist (level 7, -2/53 HPs)
             Began as a Gnoll Wanderer on May 22, 2023.
             Was a Follower of Vehumet.
             Slain by a gnoll bouda
             ... wielding a +0 club
              (6 damage)
             ... on level 4 of the Dungeon.
             The game lasted 00:12:17 (4558 turns).

zazu2006 the Arsonist (Gnoll Wanderer)              Turns: 4558, Time: 00:12:18

Health: -2/53      AC:  6    Str:  8 (11) XL:     7   Next: 58%
Magic:  12/12      EV: 11    Int: 11 (13) God:    Vehumet [*.....]
Gold:   145        SH:  0    Dex:  9 (12) Spells: 12/13 levels left

rFire   . . .        l - +1 short sword (vamp)
rCold   . . .        (no shield)
rNeg    . . .        d - +0 leather armour
rPois   .            m - +1 helmet
rElec   .            (no cloak)
rCorr   .            (no gloves)
SInv    .            b - +0 pair of boots
Will    .....        (no amulet)
Stlth   ++           (no ring)
HPRegen 0.28/turn    (no ring)
MPRegen 0.13/turn

%: no passive effects
@: no status effects
A: fangs 1, strong nose, distributed training, hooves 1
a: Renounce Religion


You were on level 4 of the Dungeon.
You worshipped Vehumet.
Vehumet was aware of your devotion.
You visited 1 branch of the dungeon, and saw 4 of its levels.

You collected 145 gold pieces.

Inventory:

Hand Weapons
 l - a +1 vampiric short sword (weapon)
Armour
 b - a +0 pair of boots (worn)
 d - a +0 leather armour (worn)
 m - a +1 helmet (worn)
Jewellery
 a - a ring of willpower
Scrolls
 c - 2 scrolls of blinking
 f - 2 scrolls of amnesia
 g - 2 scrolls of vulnerability
 j - 3 scrolls of identify
 k - a scroll of noise
 o - a scroll of enchant armour
 q - a scroll of teleportation {unknown}
 s - a scroll of magic mapping {unknown}
 u - a scroll of acquirement {unknown}


   Skills:
 + Level 3.8 Fighting
 + Level 5.3 Short Blades
 + Level 2.7 Long Blades
 + Level 2.7 Axes
 + Level 2.7 Maces & Flails
 + Level 2.7 Polearms
 + Level 2.7 Staves
 + Level 2.7 Ranged Weapons
 + Level 2.7 Throwing
 + Level 2.7 Armour
 + Level 2.7 Dodging
 + Level 3.6 Stealth
 + Level 2.7 Shields
 + Level 2.7 Unarmed Combat
 + Level 3.9 Spellcasting
 + Level 2.2 Conjurations
 + Level 2.2 Hexes
 + Level 2.2 Summonings
 + Level 2.2 Necromancy
 + Level 2.2 Translocations
 + Level 2.2 Transmutations
 + Level 9.1 Fire Magic
 + Level 2.2 Ice Magic
 + Level 2.2 Air Magic
 + Level 2.2 Earth Magic
 + Level 2.2 Poison Magic
 + Level 3.0 Invocations
 + Level 2.7 Evocations


You had 12 spell levels left.
You knew the following spells:

 Your Spells              Type           Power      Damage    Failure   Level
a - Foxfire               Conj/Fire      56%        2x1d6     3%          1

Your spell library contained the following spells:

 Spells                   Type           Power      Damage    Failure   Level
 Magic Dart               Conj           28%        1d4       14%         1
 Flame Wave               Conj/Fire      14%        2d6       32%         4
 Sticky Flame             Conj/Fire      14%        2d4       32%         4
 Frozen Ramparts          Ice            14%        1d3       38%         3
 Ice Form                 Ice/Tmut       7%         N/A       80%         4
 Summon Ice Beast         Ice/Summ       7%         N/A       80%         4


Dungeon Overview and Level Annotations

Branches:
Dungeon (4/15)             Temple (0/1) D:4

Altars:
Vehumet

Shops:
D:3 (


Innate Abilities, Weirdness & Mutations

You have very sharp teeth.
Your uncanny sense of smell can sniff out nearby items.
Your experience applies equally to all skills.
You have large cloven feet.


Message History

Really abort (and waste the scroll)? [Y]es or [N]o only, please.
Really abort (and waste the scroll)? [Y]es or [N]o only, please.
Really abort (and waste the scroll)? [Y]es or [N]o only, please.
Really abort (and waste the scroll)?
Okay, then.
Casting: Foxfire (safe; 3% risk of failure)
Confirm with . or Enter, or press ? or * to list all spells.
You conjure some foxfire!
Your foxfire dissipates!
The foxfire hits the gnoll bouda.
The gnoll bouda is heavily wounded.
As you read the scroll labelled VEUJOL ONIU, it crumbles to dust.
It is a scroll of identify.
g - 2 scrolls of vulnerability The gnoll bouda barely misses you.
As you read the scroll labelled XUNI CUSSISE, it crumbles to dust.
You hear a loud clanging noise!
It was a scroll of noise.
The gnoll bouda hits you but does no damage.
As you read the scroll labelled XOLUEQ IKLEP, it crumbles to dust.
It is a scroll of enchant armour.
Your +0 helmet glows green for a moment.
The gnoll bouda misses you.
As you read the scroll labelled AMETAFYTEMN, it crumbles to dust.
It is a scroll of enchant weapon.
Your +0 vampiric short sword glows red for a moment.
The gnoll bouda hits you with a +0 club.
* * * LOW HITPOINT WARNING * * *
You hit the gnoll bouda.
The gnoll bouda is severely wounded.
You barely miss the gnoll bouda.
The gnoll bouda is severely wounded.
The gnoll bouda closely misses you.
You completely miss the gnoll bouda.
The gnoll bouda is severely wounded.
The gnoll bouda hits you with a +0 club.
You die...

.# #..........##
.# #.##..#..###
####.##'###.#
...#.#......#
##.#.#.....##
##...#.....#######
####.............#
####).)#########g#
...)>.......# #@#
######.####.# #.#
..# #.# ### #.#
#.# #.# ..# ###


You could see a gnoll bouda.

Vanquished Creatures
  A black bear (D:4)
  An ogre (D:4)
  A phantom (D:3)
  A scorpion (D:4)
  3 jellies (D:4)
  2 orc priests (D:2)
  Terence (D:2)
  Robin (D:2)
  5 gnolls (D:4)
  5 adders
  A dart slug (D:1)
  5 orcs
  3 endoplasms (D:3)
  2 giant cockroaches
  11 goblins
  8 hobgoblins
  8 jackals
  4 quokkas
  10 ball pythons
  4 bats
  6 frilled lizards
  5 kobolds
  3 rats
91 creatures vanquished.

Vanquished Creatures (others)
  269 foxfires
269 creatures vanquished.

Grand Total: 360 creatures vanquished

Notes
Turn   | Place    | Note
-------+----------+-------------------------------------------
     0 | D:1      | zazu2006 the Gnoll Wanderer began the quest for the Orb.
     0 | D:1      | zazu2006 set off with the following items: a +0 short
                  | sword, a +0 pair of boots, a scroll of blinking, a +0
                  | leather armour; and the following spell memorised: Foxfire;
                  | and the following spells available to memorise: Flame Wave,
                  | Sticky Flame.
     0 | D:1      | Reached XP level 1. HP: 17/17 MP: 4/4
   105 | D:1      | Found a faded altar of an unknown god.
   254 | D:1      | Reached XP level 2. HP: 23/23 MP: 2/5
   921 | D:2      | Reached XP level 3. HP: 28/28 MP: 5/7
  1027 | D:2      | Reached skill level 1 in Invocations
  1081 | D:2      | Noticed Terence
  1202 | D:2      | Killed Terence
  1203 | D:2      | Reached skill level 1 in Long Blades
  1203 | D:2      | Reached skill level 1 in Axes
  1203 | D:2      | Reached skill level 1 in Maces & Flails
  1203 | D:2      | Reached skill level 1 in Polearms
  1203 | D:2      | Reached skill level 1 in Staves
  1203 | D:2      | Reached skill level 1 in Ranged Weapons
  1203 | D:2      | Reached skill level 1 in Throwing
  1203 | D:2      | Reached skill level 1 in Armour
  1203 | D:2      | Reached skill level 1 in Dodging
  1203 | D:2      | Reached skill level 1 in Shields
  1203 | D:2      | Reached skill level 1 in Unarmed Combat
  1203 | D:2      | Reached skill level 1 in Evocations
  1203 | D:2      | Reached XP level 4. HP: 29/34 MP: 0/8
  1538 | D:2      | Reached skill level 1 in Conjurations
  1538 | D:2      | Reached skill level 1 in Hexes
  1538 | D:2      | Reached skill level 1 in Summonings
  1538 | D:2      | Reached skill level 1 in Necromancy
  1538 | D:2      | Reached skill level 1 in Translocations
  1538 | D:2      | Reached skill level 1 in Transmutations
  1538 | D:2      | Reached skill level 1 in Ice Magic
  1538 | D:2      | Reached skill level 1 in Air Magic
  1538 | D:2      | Reached skill level 1 in Earth Magic
  1538 | D:2      | Reached skill level 1 in Poison Magic
  1700 | D:2      | Noticed Robin
  1725 | D:2      | Killed Robin
  1816 | D:2      | Reached XP level 5. HP: 28/40 MP: 5/9
  2425 | D:3      | Noticed a phantom
  2439 | D:3      | Killed a phantom
  2440 | D:3      | Reached XP level 6. HP: 47/47 MP: 4/11
  2521 | D:3      | Found a radiant altar of Vehumet.
  2553 | D:3      | Became a worshipper of Vehumet
  2688 | D:3      | Reached skill level 5 in Short Blades
  2836 | D:3      | Found Ciesan's Antique Weapon Emporium.
  3066 | D:3      | Identified the +1 robe "Ripn" {*Corrode rF++ rN+++ SInv}
  3415 | D:4      | Reached skill level 9 in Fire Magic
  3480 | D:4      | Reached XP level 7. HP: 23/52 MP: 4/12
  4050 | D:4      | Reached * piety under Vehumet
  4050 | D:4      | Offered knowledge of Magic Dart by Vehumet.
  4065 | D:4      | HP: 2/53 [gnoll/+0 flail of protection[a gnoll bouda] (3)]
  4288 | D:4      | Found a staircase to the Ecumenical Temple.
  4452 | D:4      | Gained mutation: You are frail. (-10% HP) [potion of
                  | mutation]
  4452 | D:4      | Gained mutation: You are resistant to electric shocks.
                  | (rElec) [potion of mutation]
  4452 | D:4      | Gained mutation: You occasionally shout uncontrollably at
                  | your foes. [potion of mutation]
  4453 | D:4      | Lost mutation: You are resistant to electric shocks.
                  | (rElec) [potion of mutation]
  4453 | D:4      | Lost mutation: You occasionally shout uncontrollably at
                  | your foes. [potion of mutation]
  4453 | D:4      | Lost mutation: You are frail. (-10% HP) [potion of
                  | mutation]
  4453 | D:4      | Gained mutation: You have large cloven feet. [potion of
                  | mutation]
  4558 | D:4      | Slain by a gnoll bouda

Illustrated notes

Levels and vault maps discovered:
D:1:      wander_arrival_lonely_grave, layout_basic,
          ebering_ecumenical_altar_box
D:2:      cheibrodos_pilgrimage, layout_basic, kennysheep_cross_room,
          bh_walls_and_bars, uniq_robin, uniq_terence
D:3:      layout_basic, nicolae_vehumet_radiance, serial_shops,
          nicolae_shop_back_alley_shop, kennysheep_generic_room_9
D:4:      nicolae_cairo_tiling_large, layout_basic,
          minmay_temple_entry_mini_moons

Skill      XL: |  1  2  3  4  5  6  7 |
---------------+----------------------+-----
Invocations    | 1 2 3 |  3.0
Long Blades    | 1 2 |  2.7
Axes           | 1 2 |  2.7
Maces & Flails | 1 2 |  2.7
Polearms       | 1 2 |  2.7
Staves         | 1 2 |  2.7
Ranged Weapons | 1 2 |  2.7
Throwing       | 1 2 |  2.7
Armour         | 1 2 |  2.7
Dodging        | 1 2 |  2.7
Shields        | 1 2 |  2.7
Unarmed Combat | 1 2 |  2.7
Evocations     | 1 2 |  2.7
Spellcasting   | 3 |  3.9
Conjurations   | 1 2 |  2.2
Hexes          | 1 2 |  2.2
Summonings     | 1 2 |  2.2
Necromancy     | 1 2 |  2.2
Translocations | 1 2 |  2.2
Transmutations | 1 2 |  2.2
Ice Magic      | 1 2 |  2.2
Air Magic      | 1 2 |  2.2
Earth Magic    | 1 2 |  2.2
Poison Magic   | 1 2 |  2.2
Fighting       | 3 |  3.8
Stealth        | 3 |  3.6
Short Blades   | 5 |  5.3
Fire Magic     | 9 |  9.1

Action                     |  1- 3 |  4- 6 |  7- 9 || total
---------------------------+-------+-------+-------++-------
  Melee: Short sword       |     9 |    61 |   138 ||   208
         Bite              |       |    10 |    14 ||    24
         Punch             |       |       |     4 ||     4
   Cast: Foxfire           |    50 |    86 |    38 ||   174
    Use: Potion            |     2 |       |     9 ||    11
         Scroll            |       |       |     6 ||     6
   Stab: Sleeping          |       |     1 |       ||     1
 Armour: Leather armour    |     5 |    17 |    13 ||    35
         Skin              |       |       |    26 ||    26
  Dodge: Dodged            |    16 |    50 |    90 ||   156
